 Dungeon Crawl Stone Soup version 0.20.1-1-g8b1a95d (webtiles) character file.

140 dvd the Cleaver (level 5, 0/51 HPs)
             Began as a Hill Orc Monk on Oct 18, 2017.
             Slain by an iguana (8 damage)
             ... on level 2 of the Dungeon.
             The game lasted 00:04:43 (2013 turns).

dvd the Cleaver (Hill Orc Monk)                     Turns: 2013, Time: 00:04:44

Health: 0/51       AC:  6    Str: 15    XL:     5   Next: 22%
Magic:  9/9        EV: 13    Int: 10    God:
Gold:   110        SH:  0    Dex: 13    Spells: 4/4 levels left

rFire    . . .     SeeInvis .   a - +0 hand axe
rCold    . . .     Gourm    .   (no shield)
rNeg     . . .     Faith    .   n - +0 ring mail
rPois    .         Spirit   .   (no helmet)
rElec    .         Reflect  .   (no cloak)
rCorr    .         Harm     .   (no gloves)
MR       .....                  (no boots)
Stlth    +.........             (no amulet)
Regen    0.2/turn               (no ring)
MPRegen  0.2/turn               (no ring)

@: no status effects
A: no striking features
a: no special abilities


You were on level 2 of the Dungeon.
You were not hungry.

You visited 1 branch of the dungeon, and saw 3 of its levels.

You collected 110 gold pieces.

Inventory:

Hand Weapons
 a - a +0 hand axe (weapon)
Missiles
 k - 2 javelins (quivered)
Armour
 g - a +0 leather armour
 n - a +0 ring mail (worn)
Jewellery
 j - a cursed ring of teleportation {unknown}
Scrolls
 e - 2 scrolls of remove curse {unknown}
 f - 2 scrolls of teleportation {unknown}
 i - 3 scrolls of identify {unknown}
Potions
 d - a potion of heal wounds {unknown}
 l - a potion of haste {unknown}
Comestibles
 c - 5 bread rations
 h - a royal jelly
 m - 2 chunks of flesh


   Skills:
 + Level 6.9 Fighting
 + Level 8.0 Axes
 + Level 4.0 Throwing
 + Level 5.1 Armour
 + Level 4.8 Dodging
 + Level 1.7 Stealth
   Level 5.9 Invocations


You had 4 spell levels left.
You didn't know any spells.

Dungeon Overview and Level Annotations

Branches:
Dungeon (3/15)

Altars:
The Shining One

Annotations:
D:3 Sigmund


Message History

Okay, then.
Unknown command.
There is a stone staircase leading down here.
You hit the iguana.
The iguana is severely wounded.
The iguana barely misses you.
You barely miss the iguana.
The iguana is severely wounded.
The iguana completely misses you.
You hit the iguana.
The iguana is almost dead.
The iguana closely misses you.
You closely miss the iguana.
The iguana is almost dead.
The iguana bites you!
* * * LOW HITPOINT WARNING * * *
You closely miss the iguana.
The iguana is almost dead.
The iguana bites you!
You die...

#.# #...#......#......
#.# #......(##.......#
#.# #.......##.##.#.##
#.## #.......##...>..#
#..# #############.###
##.# #......#.# #.#
#.##>....#
#.########.##.#.######
#....@l.......#.# #..
##########>####.# #.#
#.####.####.#
#......##....
#########.#.# #.#.#
#.#.. #.### #.#


You could see an iguana.

Vanquished Creatures
  An adder (D:2)
  2 oozes
  A worm (D:2)
  4 dart slugs
  4 giant cockroaches
  5 hobgoblins
  3 jackals (D:2)
  3 ball pythons
  6 bats (D:1)
  6 frilled lizards
  5 goblins
  9 kobolds
  8 rats
57 creatures vanquished.

Notes
Turn   | Place    | Note
-------+----------+-------------------------------------------
     0 | D:1      | dvd the Hill Orc Monk began the quest for the Orb.
     0 | D:1      | Reached XP level 1. HP: 19/19 MP: 1/1
   275 | D:1      | Reached XP level 2. HP: 26/27 MP: 2/2
   591 | D:1      | Reached XP level 3. HP: 25/33 MP: 3/3
   898 | D:1      | Found a glowing golden altar of the Shining One.
  1178 | D:2      | Reached skill level 5 in Axes
  1178 | D:2      | Reached XP level 4. HP: 11/40 MP: 4/4
  1179 | D:2      | Reached skill level 7 in Axes
  1179 | D:2      | Reached skill level 5 in Armour
  1179 | D:2      | Reached skill level 5 in Invocations
  1179 | D:2      | Reached XP level 5. HP: 12/51 MP: 4/9
  1203 | D:2      | HP: 2/51 [poisoned by an adder]
  1211 | D:2      | HP: 2/51 [poisoned by an adder]
  1719 | D:2      | Reached skill level 8 in Axes
  1982 | D:3      | Noticed Sigmund
  2013 | D:2      | Slain by an iguana

Skill      XL: |  1  2  3  4  5 |
---------------+----------------+-----
Fighting       | 4 6 |  6.9
Axes           | 5 7 8 |  8.0
Throwing       | 4 |  4.0
Armour         | 5 |  5.1
Dodging        | 4 |  4.8
Invocations    | 5 |  5.9
Stealth        | |  1.7

Action                   |  1- 3 |  4- 6 || total
-------------------------+-------+-------++-------
Melee: Hand axe          |   116 |    63 ||   179
  Use: Potion            |       |     1 ||     1
 Stab: Sleeping          |     2 |       ||     2
       Distracted        |       |     1 ||     1
  Eat: Chunk             |       |     4 ||     4
Armor: Robe              |    23 |       ||    23
       Leather armour    |     7 |     4 ||    11
       Ring mail         |       |     1 ||     1
Dodge: Dodged            |    95 |    34 ||   129
